Map: King Sejong Station LE

Players

Green

  • Race: Zerg Zerg
  • League: Master

MajishanGaru - Winner!

  • Race: Terran Terran
  • League: Master

VOD

Have the link to the VOD?

Description

Time

  • Played on: Aug. 31, 2016, 7:22 a.m.
  • Length: 22:15
Show
View Real Time Build Order
Export as new Build Order

Green Zerg 

Build Orders: Hatch First 

Get SALT Encoding   

  12  0:01  Drone  
  13  0:13  Overlord  
  13  0:18  Drone  
  14  0:31  Drone  
  14  0:32  Drone  
  16  0:36  Drone  
  17  0:53  Hatchery  
  16  1:07  Spawning Pool  
  16  1:10  Drone  
  16  1:13  Drone  
  17  1:38  Hatchery  
  16  1:42  Drone  
  16  1:43  Drone  
  16  1:45  Drone  
  19  1:54  Queen  
  21  2:02  Overlord  
  21  2:06  Zergling x2  
  22  2:14  Queen  
  24  2:17  Drone  
  24  2:20  Drone  
  26  2:23  Drone  
  26  2:25  Drone  
  26  2:28  Drone  
  29  2:39  Drone x2  
  29  2:54  Queen  
  29  2:55  Queen  
  29  2:56  Queen  
  35  2:59  Drone  
  35  3:05  Drone x3  
  39  3:09  Overlord  
  39  3:15  Overlord  
  39  3:18  Drone x2  
  41  3:20  Drone  
  42  3:29  Queen  
  44  3:39  Queen  
  44  3:40  Queen  
  48  3:42  Drone x2  
  48  3:47  Drone x2  
  48  3:48  Drone x2  
  54  3:53  Drone x2  
  54  3:55  Overlord  
  56  4:00  Overlord  
  56  4:02  Drone x2  
  58  4:10  Overlord  
  58  4:14  Overlord, Drone x4  
  58  4:15  Drone  
  63  4:17  Drone  
  63  4:18  Drone  
  65  4:28  Overlord  
  65  4:29  Drone x4  
  65  4:30  Drone  
  70  4:35  Extractor  
  70  4:36  Extractor  
  70  4:38  Extractor x2  
  67  4:39  Extractor  
  67  4:40  Extractor  
  67  4:41  Drone  
  67  4:42  Drone x3  
  67  4:43  Evolution Chamber x2  
  66  4:47  Drone x3  
  66  4:49  Queen  
  66  4:51  Queen  
  73  5:08  Drone x8  
  81  5:17  Baneling Nest  
  81  5:18  Drone x2  
  76  5:29  Zergling x4  
  76  5:30  Overlord x2  
  68  5:37  Queen x2  
  68  5:38  Zergling x4  
  68  5:39  Overlord  
  68  5:40  Zerg Ground Armor Level 1  
  68  5:41  Zerg Melee Weapons Level 1  
  73  5:44  Drone  
  73  5:49  Drone x3  
  65  5:51  Drone  
  65  5:52  Drone x2  
  59  5:57  Drone  
  59  5:59  Drone  
  59  6:04  Drone x3  
  62  6:12  Metabolic Boost  
  62  6:14  Lair  
  62  6:16  Drone x2  
  64  6:23  Drone  
  64  6:24  Drone x4  
  69  6:31  Drone x2  
  71  6:39  Overlord  
  71  6:43  Drone  
  71  6:44  Drone x2  
  74  6:50  Queen  
  69  7:18  Zergling x6  
  66  7:26  Zergling x20, Centrifical Hooks  
  76  7:35  Zerg Ground Armor Level 2, Hatchery  
  76  7:36  Zerg Melee Weapons Level 2  
  74  7:42  Queen  
  73  7:48  Overseer  
  73  7:57  Zergling x20  
  83  8:03  Infestation Pit  
  82  8:13  Queen  
  82  8:16  Baneling  
  82  8:17  Baneling x20  
  82  8:18  Pneumatized Carapace, Overseer  
  84  8:30  Spine Crawler  
  84  8:31  Overlord x2, Spine Crawler  
  82  8:38  Zergling x16  
  90  8:42  Overlord  
  90  8:46  Overlord  
  90  8:51  Hive  
  90  8:57  Drone x4  
  90  9:00  Drone x2  
  96  9:03  Drone  
  97  9:14  Overlord  
  97  9:18  Zergling x14  
  104  9:28  Hatchery  
  104  9:29  Overlord  
  103  9:31  Zergling x2  
  103  9:32  Zergling x12  
  103  9:47  Drone x3  
  103  9:49  Extractor, Spine Crawler  
  104  9:56  Zergling x16  
  104  9:59  Queen x2  
  116  10:09  Overlord  
  116  10:19  Zerg Melee Weapons Level 3, Zerg Ground Armor Level 3  
  116  10:20  Adrenal Glands  
  116  10:22  Zergling x22  
  116  10:23  Ultralisk Cavern  
  126  10:28  Queen  
  126  10:29  Queen  
  126  10:30  Pathogen Glands  
  129  10:45  Overlord x2  
  129  11:05  Spire, Drone x3  
  131  11:16  Ultralisk x3  
  131  11:17  Chitinous Plating  
  149  11:18  Overlord  
  149  11:25  Hatchery  
  148  11:32  Ultralisk  
  160  11:33  Ultralisk  
  161  11:53  Ultralisk x2  
  163  12:22  Corruptor  
  123  12:23  Ultralisk, Corruptor x7  
  141  12:33  Zergling x14  
  146  13:01  Baneling x6  
  146  13:02  Baneling x2  
  146  13:15  Zergling x2  
  146  13:16  Zergling x14  
  154  13:25  Hatchery  
  154  13:26  Hatchery  
  152  13:33  Infestor  
  152  13:34  Infestor x3  
  160  13:43  Zergling x16  
  160  13:46  Zerg Flyer Weapons Level 1  
  166  14:17  Overlord x5  
  163  14:24  Drone x3  
  163  14:28  Drone  
  163  14:29  Drone  
  166  14:41  Spore Crawler  
  142  15:00  Zergling x26  
  142  15:01  Zergling x4  
  150  15:14  Drone  
  150  15:15  Drone x7  
  158  15:24  Lair  
  158  15:49  Corruptor  
  158  15:50  Corruptor x4  
  168  16:03  Spore Crawler  
  167  16:22  Hive  
  165  16:41  Corruptor x9  
  165  16:42  Corruptor x2  
  183  17:06  Drone x2  
  183  17:07  Drone x3  
  188  17:10  Extractor  
  188  17:11  Extractor  
  188  17:12  Spore Crawler  
  188  17:13  Spine Crawler  
  184  17:37  Viper x4  
  194  17:57  Hatchery  
  185  18:08  Zergling x6  
  185  18:09  Zergling x18  
  185  18:12  Extractor  
  196  18:14  Extractor  
  191  18:27  Zergling x6  
  191  18:28  Zergling x6  
  197  18:38  Extractor  
  192  18:42  Overlord  
  192  18:43  Overlord x4  
  192  18:50  Overlord x2  
  192  19:00  Spine Crawler  
  192  19:01  Spine Crawler  
  190  19:05  Spine Crawler x2  
  188  19:15  Baneling x15  
  188  19:16  Baneling x4  
  188  19:26  Zergling x2  
  188  19:27  Zergling x10  
  190  19:43  Overseer  
  160  20:15  Zergling x14  
  160  20:16  Zergling x10  
  140  20:57  Overseer  
  120  21:04  Zergling x24  
  126  21:21  Zergling x10  
  126  21:38  Zergling x16  
Show
View Real Time Build Order
Export as new Build Order

MajishanGaru Terran - Winner!

Build Orders: Reaper Expand, MMM Bio 

Get SALT Encoding   

  12  0:00  SCV  
  13  0:12  SCV  
  14  0:18  Supply Depot  
  14  0:19  Supply Depot  
  14  0:25  SCV  
  15  0:41  SCV  
  16  0:43  Barracks  
  16  0:46  Refinery  
  16  0:53  SCV  
  17  1:05  SCV  
  18  1:17  SCV  
  19  1:35  Reaper, Orbital Command  
  20  1:43  Command Center  
  20  1:55  Barracks  
  20  2:00  SCV  
  21  2:07  Barracks Reactor  
  21  2:12  Supply Depot  
  21  2:13  SCV  
  22  2:26  SCV  
  22  2:27  Factory  
  22  2:29  Refinery  
  23  2:38  SCV  
  24  2:47  Marine x2  
  24  2:48  Barracks Tech Lab  
  24  2:50  SCV  
  26  2:54  Orbital Command  
  26  3:03  SCV  
  27  3:05  Bunker  
  27  3:06  Marine x2  
  27  3:08  Marine  
  30  3:15  Stimpack  
  30  3:19  SCV  
  31  3:21  SCV  
  31  3:25  Marine  
  31  3:26  Marine  
  34  3:27  Marine  
  35  3:34  Starport  
  35  3:36  Factory Reactor  
  35  3:43  Marine x2  
  35  3:46  SCV  
  35  3:47  SCV  
  39  3:51  Supply Depot  
  39  3:56  Supply Depot  
  39  3:58  SCV  
  39  3:59  SCV  
  39  4:01  Marine  
  42  4:03  Marine  
  42  4:04  Marine  
  44  4:10  SCV  
  44  4:11  SCV  
  44  4:17  Medivac x2  
  48  4:20  Marine  
  48  4:21  Marine  
  48  4:22  SCV, Widow Mine  
  55  4:28  SCV  
  55  4:30  Marine  
  57  4:34  SCV  
  57  4:36  Supply Depot  
  58  4:40  SCV  
  58  4:43  Engineering Bay  
  58  4:44  Engineering Bay  
  59  4:46  Refinery  
  59  4:47  SCV  
  60  4:53  SCV  
  61  5:01  Marine x2  
  61  5:02  Marine  
  61  5:04  Command Center  
  61  5:05  SCV  
  61  5:06  SCV  
  66  5:11  Terran Infantry Weapons Level 1  
  66  5:13  Terran Infantry Armor Level 1  
  66  5:15  Medivac  
  63  5:31  Marine  
  62  5:36  Marine x2  
  62  5:37  SCV x2  
  62  5:38  Factory Reactor  
  62  5:40  Barracks  
  66  5:49  Marine  
  66  5:54  Marine x2  
  65  5:58  Combat Shields, Starport Reactor  
  65  5:59  SCV x2  
  65  6:04  Refinery  
  61  6:07  Marine  
  59  6:11  SCV x2  
  59  6:14  Marine x2  
  59  6:16  Orbital Command  
  63  6:22  Armory  
  63  6:23  SCV  
  63  6:24  SCV, Marine  
  66  6:26  Supply Depot  
  66  6:29  Barracks  
  66  6:30  Marine  
  66  6:31  Barracks  
  66  6:32  Marine x2  
  69  6:33  Factory Reactor  
  69  6:35  SCV  
  69  6:37  SCV  
  71  6:44  Orbital Command  
  71  6:48  SCV  
  71  6:49  SCV  
  71  6:53  Supply Depot, Marine x3  
  76  6:54  Bunker  
  76  6:55  Marine x2  
  76  6:56  Medivac x2  
  76  6:57  Supply Depot  
  76  7:00  SCV  
  83  7:10  Marine  
  83  7:11  Marine x2  
  86  7:20  Marine x2  
  86  7:21  SCV, Terran Infantry Weapons Level 2, Terran Infantry Armor Level 2  
  89  7:23  SCV x2  
  89  7:27  Supply Depot  
  89  7:28  Marine  
  92  7:33  SCV  
  92  7:35  SCV x2  
  94  7:39  Marauder, Factory Reactor, Refinery  
  94  7:41  Marine  
  94  7:42  Marine x2  
  98  7:45  SCV  
  98  7:47  SCV x2  
  98  7:51  Marine x3  
  96  7:52  Marine  
  96  7:53  Marine  
  96  7:54  Medivac x2  
  96  7:57  SCV  
  105  7:59  SCV x2, Marine x2  
  105  8:00  Marauder, Marine  
  110  8:08  Supply Depot  
  110  8:09  SCV, Marine x3  
  110  8:10  Supply Depot, Marine x2  
  116  8:17  Marine  
  116  8:18  Barracks  
  116  8:19  Barracks  
  117  8:21  Barracks  
  117  8:22  Command Center  
  117  8:29  Marine, Widow Mine x2  
  122  8:38  SCV x3  
  122  8:40  Marine x5  
  132  8:41  Marauder, Marine  
  132  8:48  Supply Depot x2  
  133  8:50  Supply Depot  
  133  8:52  Supply Depot, Liberator x2  
  133  8:57  Refinery  
  133  9:04  Starport  
  133  9:06  Terran Vehicle And Ship Armor Level 1, Fusion Core  
  133  9:09  SCV, Marine x4, Widow Mine x2  
  148  9:23  SCV x3, Marine x2  
  155  9:24  Marauder, Marine x2, Barracks Tech Lab x2  
  155  9:25  Barracks Tech Lab  
  157  9:32  Supply Depot  
  157  9:35  Supply Depot  
  153  9:38  Liberator  
  153  9:39  Supply Depot, Liberator  
  153  9:43  Command Center  
  153  9:46  Starport Tech Lab  
  153  9:50  Marauder, Marine x6, Starport  
  161  9:54  Factory Reactor  
  161  9:59  Liberator  
  166  10:07  Marine x2  
  166  10:08  Marauder, Marine x2  
  166  10:10  Marine x2  
  176  10:17  Advanced Ballistics  
  176  10:18  Terran Infantry Weapons Level 3  
  176  10:20  Terran Infantry Armor Level 3  
  177  10:21  Liberator  
  177  10:26  Planetary Fortress  
  177  10:28  Liberator  
  177  10:35  Marauder x4, Sensor Tower  
  185  10:36  Marine x5  
  185  10:41  Ghost Academy  
  196  11:10  Terran Vehicle And Ship Armor Level 2, Refinery x2  
  196  11:11  Personal Cloaking  
  196  11:25  Command Center  
  98  11:32  Liberator  
  199  12:02  Liberator x4  
  199  12:15  Liberator  
  195  12:20  Marauder x4, Marine x4  
  195  12:21  Marine  
  154  12:27  Widow Mine  
  154  12:28  Widow Mine  
  154  12:29  Marine x3  
  153  12:38  Marine x2  
  153  12:39  Command Center  
  153  12:41  Marauder  
  153  12:42  Marauder x2  
  159  12:44  Liberator  
  159  12:45  Liberator x2  
  159  12:50  Liberator  
  159  12:52  Marauder, Marine x6  
  163  13:03  Marauder x3  
  163  13:05  Widow Mine x2  
  182  13:06  Marine x2  
  182  13:09  Marine  
  182  13:10  Marine, Nuke  
  182  13:12  Hi-Sec Auto Tracking, Building Armor  
  189  13:13  Marauder  
  191  13:24  Marauder x3  
  197  13:34  Marauder  
  199  13:45  Missile Turret  
  199  13:46  Missile Turret  
  199  13:48  Missile Turret  
  199  13:49  Missile Turret  
  199  13:58  Marine  
  199  14:00  Planetary Fortress  
  200  14:20  Terran Vehicle And Ship Armor Level 3  
  200  14:34  Missile Turret  
  200  14:35  Missile Turret  
  200  14:36  Missile Turret x2  
  200  14:37  Missile Turret  
  200  14:38  Planetary Fortress  
  200  14:41  Refinery  
  200  14:43  Liberator  
  198  15:21  Missile Turret  
  198  15:22  Missile Turret x2  
  198  15:24  Missile Turret  
  198  15:27  Missile Turret  
  198  15:35  Ghost  
  200  15:50  Missile Turret  
  200  15:52  Missile Turret  
  200  15:53  Missile Turret  
  200  15:54  Ghost  
  199  15:59  Missile Turret  
  199  16:01  Orbital Command  
  199  16:05  Refinery  
  199  16:26  Missile Turret  
  199  16:27  Missile Turret  
  199  16:32  Missile Turret  
  199  16:41  Liberator x3  
  199  16:53  Missile Turret  
  186  16:55  Missile Turret  
  186  16:58  Terran Ship Weapons Level 1  
  195  17:08  Missile Turret  
  195  17:09  Ghost x2  
  196  17:25  Ghost x2  
  196  17:27  Missile Turret  
  200  17:34  Missile Turret  
  200  17:42  Missile Turret  
  200  17:43  Missile Turret  
  200  17:57  Missile Turret  
  200  18:03  Missile Turret  
  197  18:08  Ghost  
  193  18:29  Missile Turret  
  193  18:31  Missile Turret  
  193  18:38  Ghost x3  
  199  18:49  Missile Turret  
  199  18:50  Missile Turret  
  199  18:51  Missile Turret  
  199  19:11  Missile Turret  
  193  20:03  Liberator x2  
  193  20:04  Liberator x2  
  184  20:09  Liberator  
  145  20:26  Marauder x2  
  150  20:28  Marine  
  150  20:29  Marauder, Marine x3  
  150  20:34  Marine x3  
  154  20:46  Ghost, Marine x2, Liberator x3  
  154  20:47  Marine x2, Liberator  
  154  20:49  Ghost  
  156  20:52  Marine x3, Liberator  
  126  21:02  Widow Mine x2  
  130  21:04  Marine x3  
  130  21:10  Marine x3  
  127  21:16  Marauder  
  118  21:19  Marauder, Starport  
  118  21:21  Starport  
  118  21:22  Marine x3  
  118  21:28  Marine x3  
  118  21:31  Widow Mine  
  119  21:35  Widow Mine  
  119  21:37  Marauder  
  123  21:40  Marauder, Marine x3  
  123  21:45  Marine  
  123  21:46  Marine x2  
  141  21:53  Missile Turret x3  
Tags
 
Add a new tag
Caveats
  • Supply blocks, unpowered buildings, or Contaminate may cause inaccurate times.
  • Supply counts are checked every 10 seconds.